 Dungeon Crawl Stone Soup version 0.19-b1-5-gdc9fa9d (webtiles) character file.

69 Jorund the Chopper (level 4, 20/33 HPs)
             Began as a Demonspawn Gladiator on Oct 31, 2016.
             Was a Follower of Fedhas.
             Quit the game on level 2 of the Dungeon.
             The game lasted 00:01:46 (1427 turns).

Jorund the Chopper (Demonspawn Gladiator)           Turns: 1427, Time: 00:01:47

Health: 20/33      AC:  7    Str: 16    XL:     4   Next: 2%
Magic:  4/4        EV: 12    Int: 10    God:    Fedhas [*.....]
Gold:   89         SH:  0    Dex: 13    Spells: 0 memorised, 3 levels left

rFire  . . .     SeeInvis .     a - +0 war axe
rCold  . . .     Gourm    .     b - +0 leather armour
rNeg   . . .     Faith    .     (no shield)
rPois  .         Spirit   .     c - +0 helmet
rElec  .         Reflect  .     (no cloak)
rCorr  .         Harm     .     (no gloves)
MR     .....                    q - +0 pair of boots
Stlth  ++........               (no amulet)
                                (no ring)
                                o - ring of stealth

@: no status effects
A: yellow scales 1, demonic guardian 1
a: Fungal Bloom, Evolution, Renounce Religion


You were on level 2 of the Dungeon.
You worshipped Fedhas.
Fedhas was aware of your devotion.
You were not hungry.

You visited 1 branch of the dungeon, and saw 2 of its levels.

You collected 89 gold pieces.

Inventory:

Hand Weapons
 a - a +0 war axe (weapon)
Missiles
 d - 3 throwing nets (quivered)
Armour
 b - a +0 leather armour (worn)
 c - a +0 helmet (worn)
 q - a +0 pair of boots (worn)
Jewellery
 o - a ring of stealth (left hand)
Scrolls
 e - 3 scrolls of remove curse {unknown}
 h - 3 scrolls of teleportation {unknown}
 l - 3 scrolls of identify {unknown}
 p - 2 scrolls of fog {unknown}
Potions
 i - a potion of brilliance {unknown}
 j - 2 potions of heal wounds {unknown}
 k - a potion of lignification {unknown}
 m - 2 potions of beneficial mutation {unknown}
 s - a potion of invisibility {unknown}
 t - a potion of agility {unknown}
 u - a potion of flight {unknown}
 v - a potion of cancellation {unknown}
Comestibles
 f - 3 bread rations
 g - a beef jerky
 n - a slice of pizza
 r - a royal jelly


   Skills:
 - Level 2.0 Fighting
 + Level 4.2 Axes
 - Level 1.7 Throwing
 + Level 1.0 Armour
 - Level 2.6 Dodging


You had 3 spell levels left.
You didn't know any spells.

Dungeon Overview and Level Annotations

Branches:
Dungeon (2/15)

Altars:
Fedhas


Innate Abilities, Weirdness & Mutations

You are partially covered in yellow scales. (AC +2)
A weak demonic guardian rushes to your aid.


Message History

You hit the jackal.
The jackal bites you but does no damage.
The jackal closely misses you.
The jackal bites you but does no damage.
The jackal bites you.
You closely miss the jackal.
The jackal is moderately wounded.
You barely miss the jackal. The jackal barely misses you.
The jackal misses you. The jackal bites you. The jackal closely misses you.
You slash the jackal!
You kill the jackal!
You have reached level 4!
You feel clever.
You closely miss the jackal. The jackal bites you. x2
You slash the jackal!
You kill the jackal!
Your Armour skill increases to level 1!
No target in view!
No target in view!
Are you sure you want to abandon this character and quit the game? (Confirm with "yes".)

#.## #.#.# #...###.#
#.# #.#.# ####........
#.# #.#.# ##.##...###..
#.#
##.#.###..........##
#.#
#........(##..###.##
#.# #..#.#######†.#
#.## #.# ##..#.#
#..###.## #.# ##...#†#
#..(..†). #.# #..#.@.#
#..####.# #.#
##....#.#######..####(#
#.#
#..#####...............
#.#
#...###.###............
#.# #..#.#.##
#.#########.# ####.#
#..##.## #.# #.# .....#
#..#### #(# #.# ######
#..# #.# ...# #..# #.#


There were no monsters in sight!

Vanquished Creatures
  An adder (D:2)
  2 oozes (D:2)
  A worm (D:2)
  A dart slug (D:1)
  6 bats
  4 giant cockroaches
  6 goblins
  A hobgoblin (D:1)
  4 jackals (D:2)
  3 quokkas (D:2)
  3 frilled lizards
  6 kobolds
  6 rats
44 creatures vanquished.

Notes
Turn   | Place    | Note
-------+----------+-------------------------------------------
     0 | D:1      | Jorund the Demonspawn Gladiator began the quest for the Orb.
     0 | D:1      | Reached XP level 1. HP: 16/16 MP: 1/1
   128 | D:1      | Reached skill level 3 in Axes
   218 | D:1      | Gained mutation: A weak demonic guardian rushes to your aid. [demonic ancestry]
   218 | D:1      | Reached XP level 2. HP: 22/22 MP: 2/2
   557 | D:2      | Gained mutation: You are partially covered in yellow scales. (AC +2) [demonic ancestry]
   557 | D:2      | Reached XP level 3. HP: 12/27 MP: 3/3
  1005 | D:2      | Reached skill level 4 in Axes
  1239 | D:2      | Found a faded altar of an unknown god.
  1387 | D:2      | Became a worshipper of Fedhas Madash
  1387 | D:2      | Reached * piety under Fedhas
  1425 | D:2      | Reached XP level 4. HP: 24/33 MP: 4/4
  1426 | D:2      | Reached skill level 1 in Armour
  1427 | D:2      | Quit the game

Skill      XL: |  1  2  3  4 |
---------------+-------------+-----
Axes           | 3 4 |  4.2
Armour         | 1 |  1.0
Fighting       | |  2.0
Throwing       | |  1.7
Dodging        | |  2.6

Action                   |  1- 3 |  4- 6 || total
-------------------------+-------+-------++-------
Melee: War axe           |   133 |     1 ||   134
 Stab: Sleeping          |     4 |       ||     4
  Eat: Chunk             |     2 |       ||     2
Armor: Leather armour    |    68 |       ||    68
Dodge: Dodged            |   104 |       ||   104
